 Dungeon Crawl Stone Soup version 0.32-a0-587-gb28a26c (webtiles) character file.

Game seed: 13242912628351327106

35 Remcycle the Slasher (level 3, 0/29 HPs)
             Began as a Coglin Fighter on Mar 2, 2024.
             Was a Follower of Beogh.
             Slain by Sigmund
             ... wielding a +0 scythe
              (1 damage)
             ... on level 2 of the Dungeon.
             The game lasted 00:02:33 (1333 turns).

Remcycle the Slasher (Coglin Fighter)               Turns: 1333, Time: 00:02:33

Health: 0/29       AC:  6    Str: 18    XL:     3   Next: 33%
Magic:  3/3        EV:  9    Int:  7    God:    Beogh [*.....]
Gold:   38         SH:  4    Dex: 13    Spells: 2/2 levels left

rFire   . . .        a - +0 long sword {Lin}
rCold   . . .        c - +0 buckler
rNeg    . . .        b - +0 scale mail
rPois   .            (no helmet)
rElec   .            (no cloak)
rCorr   .            (no gloves)
SInv    .            (no boots)
Will    .....        (amulet unavailable) Stlth
                     (ring unavailable)
HPRegen 0.24/turn    (ring unavailable)
MPRegen 0.08/turn    (no gizmo)

%: no passive effects
@: revved
A: off-hand wielding, slow wielding, warmup strikes, no jewellery
a: Invent Gizmo, Renounce Religion


You were on level 2 of the Dungeon.
You worshipped Beogh.
Beogh was aware of your devotion.
You visited 1 branch of the dungeon, and saw 2 of its levels.

You collected 38 gold pieces.

Inventory:

Hand Weapons
 a - a +0 long sword (weapon) {Lin}
Armour
 b - a +0 scale mail (worn)
 c - a +0 buckler (worn)
Scrolls
 e - 2 scrolls of revelation {unknown}
 g - a scroll of vulnerability {unknown}
 h - 3 scrolls of identify {unknown}
 i - a scroll of poison {unknown}
 j - a scroll of silence {unknown}
 m - 2 scrolls of amnesia {unknown}
 n - a scroll of teleportation {unknown}
 o - a scroll of fog {unknown}
Potions
 d - a potion of might
 f - a potion of lignification {unknown}
 k - a potion of cancellation {unknown}
 l - a potion of resistance {unknown}


   Skills:
 - Level 3.0 Fighting
 + Level 3.6 Long Blades
 - Level 2.6 Armour
 - Level 2.1 Shields


You had 2 spell levels left.
You didn't know any spells.
Your spell library was empty.

Dungeon Overview and Level Annotations

Branches:
Dungeon (2/15)

Altars:
Yredelemnul
Beogh

Annotations:
D:2 Sigmund


Innate Abilities, Weirdness & Mutations

You can wield a second weapon in your off-hand.
It takes a long time for you to wield or remove held weapons.
Your first few attacks do less damage.
You cannot equip rings or amulets.


Message History

The endoplasm moves out of view.
An endoplasm is nearby!
Sigmund the Dreaded comes into view.
He is wielding a +0 scythe and carrying a wand of flame.
Sigmund shouts!
Sigmund says, "I'm your fate."
Sigmund zaps a wand.
The puff of flame hits you. The endoplasm barely misses you.
You hit the endoplasm but do no damage. The endoplasm barely misses you.
A rat comes into view.
The rat squeaks loudly.
You slash the endoplasm!
You kill the endoplasm!
Beogh accepts your kill.
Found an escape hatch in the ceiling.
Sigmund gestures wildly while chanting.
Sigmund flickers and vanishes!
Deactivating autopickup; reactivate with Ctrl-A.
Something hits you.
You hit something. Something hits you but does no damage.
You closely miss something. Something hits you.
You barely miss something. You slash something!
You hear a zap.
A puff of flame appears from out of thin air!
The puff of flame hits you.
You hear some strange, mumbled words.
A puff of flame appears from out of thin air!
The puff of flame misses you.
You slash something!
You hear a zap.
A puff of flame appears from out of thin air!
The puff of flame hits you.
* * * LOW HITPOINT WARNING * * *
You closely miss something.
You hear a zap.
A puff of flame appears from out of thin air!
The puff of flame hits you!
* * * LOW HITPOINT WARNING * * *
You slash something! Something hits you.
You die...

. . #.# . #.# . #.#
.#######.#
#.....##.#
#########.
...##.##.#
##..{r.....
.........#####..@#
..†...........?#..#
....#.#..#####....#
..#..(...# ##.#.#
#...#...#### #.#.#
#####......# #...#
##......# .<...
##...._..# #..##
#........#


You could see a rat.

Vanquished Creatures
  An adder (D:2)
  A ribbon worm (D:2)
  A ball python (D:1)
  A bat (D:1)
  4 endoplasms
  2 giant cockroaches (D:1)
  A hobgoblin (D:2)
  3 quokkas (D:1)
  A frilled lizard (D:2)
  2 goblins (D:1)
  3 kobolds (D:1)
  A rat (D:1)
21 creatures vanquished.

Notes
Turn   | Place    | Note
-------+----------+-------------------------------------------
     0 | D:1      | Remcycle the Coglin Fighter began the quest for the Orb.
     0 | D:1      | Reached XP level 1. HP: 18/18 MP: 1/1
   296 | D:1      | Reached XP level 2. HP: 24/24 MP: 2/2
   358 | D:1      | Found a faded altar of an unknown god.
   379 | D:1      | Prayed at the altar of an unknown god.
   379 | D:1      | Became a worshipper of Beogh the Shepherd
   379 | D:1      | Reached * piety under Beogh
  1163 | D:2      | Found a basalt altar of Yredelemnul.
  1177 | D:2      | Reached XP level 3. HP: 25/29 MP: 3/3
  1321 | D:2      | Noticed Sigmund
  1332 | D:2      | HP: 1/29 [something/puff of flame (8)]
  1333 | D:2      | Slain by Sigmund

Illustrated notes

Levels and vault maps discovered:
D:1:      dpeg_arrival_erosion, layout_basic, chequers_ecumenical_altar_island
D:2:      layout_loops_ring, basic_altar, uniq_sigmund

Skill      XL: |  1  2 |
---------------+-------+-----
Long Blades    | 3 |  3.6
Fighting       | |  3.0
Armour         | |  2.6
Shields        | |  2.1

Action                     || total
---------------------------++-------
  Melee: Long sword        ||    91
 Armour: Scale mail        ||    73
  Dodge: Dodged            ||    27
  Block: Buckler           ||    21

Table legend: (Time is in decaauts)
 A = Elapsed time spent in this place.
 B = Non-inter-level travel time spent in this place.
 C = Inter-level travel time spent in this place.
 D = Time resting spent in this place.
 E = Time spent auto-exploring this place.
 F = Levels seen in this place.
 G = Mean time per level.
                   A        B        C        D        E       F      G
               +--------+--------+--------+--------+--------+-----+--------+
         Total |   1364 |   1304 |     60 |      0 |   1090 |   2 |  682.0 |
       Dungeon |   1364 |   1304 |     60 |      0 |   1090 |   2 |  682.0 |
               +--------+--------+--------+--------+--------+-----+--------+

Top non-repeatable levels by time:
     D:1: 1164 daAuts
     D:2: 200 daAuts
